 Dungeon Crawl Stone Soup version 0.17-a0-1532-g2de063d (webtiles) character file.

5068 Malak the Summoner (level 10, -6/50 HPs)
             Began as a Deep Elf Summoner on July 16, 2015.
             Was a High Priest of Sif Muna.
             Mangled by a komodo dragon (21 damage)
             ... on level 9 of the Dungeon.
             The game lasted 01:54:34 (10604 turns).

Malak the Summoner (Deep Elf Summoner)             Turns: 10604, Time: 01:54:34

Health: -6/50      AC:  7    Str:  5    XL:     10   Next: 31%
Magic:  0/26       EV: 15    Int: 24    God:    Sif Muna [*****.]
Gold:   521        SH:  0    Dex: 15    Spells: 6 memorised, 9 levels left

rFire  . . .     SeeInvis .     I - staff of summoning
rCold  . . .     Clarity  .     S - +1 robe {rN+}
rNeg   + . .     SustAt   .     (no shield)
rPois  .         Gourm    .     (no helmet)
rElec  .         Spirit   +     C - +0 cloak
rCorr  .         Warding  +     (no gloves)
rMut   .         Stasis   .     (no boots)
MR     +....                    u - amulet of guardian spirit
Stlth  +++.......               R - +3 ring of protection
                                O - +5 ring of slaying

@: somewhat resistant to hostile enchantments, fairly stealthy
A: no striking features
a: Channel Energy, Forget Spell, Renounce Religion


You were on level 9 of the Dungeon.
You worshipped Sif Muna.
Sif Muna was extremely pleased with you.
You were not hungry.

You visited 2 branches of the dungeon, and saw 11 of its levels.

You collected 521 gold pieces.

Inventory:

Hand weapons
 a - a +2 dagger of speed
 c - a +2 short sword of electrocution
 p - a +4 lajatang
 t - a cursed -2 short sword
 y - a +0 blowgun
 z - a +0 dagger of electrocution
 B - a +0 hunting sling
 P - a +0 hand crossbow
 V - a +2 long sword
Missiles
 g - 19 sling bullets of flame
 s - 59 poisoned needles
Armour
 C - a +0 cloak (worn)
 S - a +1 robe of positive energy (worn)
Magical staves
 I - an uncursed staff of summoning (weapon)
Rods
 D - a +1 rod of clouds (11/11)
   (You found it on level 4 of the Dungeon)
Jewellery
 j - an uncursed amulet of resist mutation
 u - an amulet of guardian spirit (around neck)
 O - a +5 ring of slaying (left hand)
 Q - a cursed ring of teleportation
 R - a +3 ring of protection (right hand)
Magical devices
 d - a wand of paralysis (15)
 e - a wand of digging (8)
 q - a wand of cold (8)
 K - a wand of frost (21)
 N - a wand of slowing (24)
 U - a wand of flame (36)
Scrolls
 h - 8 scrolls of identify
 r - 5 scrolls of teleportation
 w - 8 scrolls of remove curse
 A - a scroll of amnesia {unknown}
 E - 2 scrolls of magic mapping {unknown}
 G - 4 scrolls of immolation {unknown}
 L - a scroll of fear {unknown}
 T - a scroll of torment {unknown}
Potions
 f - a potion of heal wounds {unknown}
 k - a potion of ambrosia {unknown}
 l - 3 potions of lignification {unknown}
 m - 4 potions of might
 n - 3 potions of curing
 o - 2 potions of mutation {unknown}
 v - 2 potions of magic {unknown}
 H - a potion of flight {unknown}
 J - 2 potions of brilliance {unknown}
Books
 b - a book of Callings

   Spells                             Type                      Level
   a - Summon Small Mammal            Summoning                    1
   b - Call Imp                       Summoning                    2
   c - Call Canine Familiar           Summoning                    3
   d - Summon Guardian Golem          Hexes/Summoning              3
   e - Summon Lightning Spire         Summoning/Air                4
   f - Summon Ice Beast               Ice/Summoning                4
 M - a book of Beasts

   Spells                             Type                      Level
   a - Summon Butterflies             Summoning                    1
   b - Call Canine Familiar           Summoning                    3
   c - Summon Ice Beast               Ice/Summoning                4
   d - Summon Mana Viper              Hexes/Summoning              5
   e - Summon Hydra                   Summoning                    7
Comestibles
 i - 7 meat rations
 x - 4 chunks of flesh
 F - 2 bread rations


   Skills:
 - Level 0.8 Staves
 + Level 5.6 Dodging
 + Level 4.8 Stealth
 + Level 10.6 Spellcasting
 + Level 12.3 Summonings
 + Level 2.7 Ice Magic
 + Level 3.7 Air Magic


You had 9 spell levels left.
You knew the following spells:

 Your Spells              Type           Power        Failure   Level  Hunger
a - Summon Small Mammal   Summ           ####         1%          1    None
b - Call Imp              Summ           #######.     1%          2    None
c - Call Canine Familiar  Summ           #######.     1%          3    None
d - Summon Lightning Spi  Summ/Air       ######..     1%          4    None
e - Summon Ice Beast      Ice/Summ       ######..     2%          4    None
f - Summon Hydra          Summ           #######...   28%         7    #######


Dungeon Overview and Level Annotations

Branches:
Dungeon (10/15)            Temple (1/1) D:5
   Lair: D:8-11         Orc: D:9-12

Altars:
Ashenzari
Cheibriados
Dithmenos
Elyvilon
Fedhas
Gozag
Kikubaaqudgha
Makhleb
Nemelex Xobeh
Okawaru
Qazlal
Ru
Sif Muna
Trog
Vehumet
Xom
Yredelemnul
The Shining One

Shops:
D:6 =   D:10 =


Message History

The bolt of electricity hits the komodo dragon.
There is an open door here.
The komodo dragon bites your lightning spire!!
Your lightning spire is destroyed!
A killer bee zombie comes into view.
The komodo dragon misses you.
There is an escape hatch in the ceiling here.
The komodo dragon bites you!!
* * * LOW HITPOINT WARNING * * *
A mysterious force pulls you upwards. The hatch slams shut behind you.
The komodo dragon closely misses you.
You see here 3 stones.
Things that are here:
a dagger; a whip You see here a short sword.
Casting: Summon Lightning Spire
Confirm with . or Enter, or press ? or * to list all spells.
You feel a surge of power! The komodo dragon closely misses you.
The komodo dragon bites you!!
You die...

#.#(#...#...##.........#
'.#.#######.##.........#
#.#...# ..#.##.........#
#.###.###.#.##.........#
#)#...#...#.######'#####
#.#.###.#.#.# ##...#
#.#.....#...# #..###
###############(#########
#..)@.......#
#..l>h......#
#..(..).....#
#...........#
#...........#
#...........#
#...........#
#...........#
#...........#


You could see a komodo dragon and a friendly warg.

Vanquished Creatures
  A giant gecko (D:10)
  A jackal (D:1)
  A rat (D:8)
3 creatures vanquished.

Vanquished Creatures (collateral kills)
  Maud (D:10)
  A hydra (D:9)
  Erica (D:10)
  Erolcha (D:8)
  The ghost of Chiseanne the Skirmisher, an experienced DsWn of Gozag (D:8)
  The ghost of kinazarov the Covert, an experienced KoAs (D:7)
  5 yaks
  2 deep elf magi
  Eustachio (D:5)
  3 wyverns
  Grum (D:8)
  2 wolves (D:8)
  An orc warrior (D:8)
  2 sky beasts
  An ice beast (D:8)
  7 ogres
  3 black bears
  A phantom (D:9)
  A necrophage (D:7)
  2 big kobolds (D:9)
  2 centaurs
  2 giant frogs
  A wyvern skeleton (D:6)
  4 scorpions
  6 killer bees (D:8)
  2 centaur zombies
  2 giant frog zombies
  5 crimson imps
  3 hounds
  A centaur skeleton (D:4)
  6 orc wizards
  8 orc priests
  3 jellies (D:9)
  6 worker ants
  Natasha (thrice) (D:3)
  3 iguanas
  A sheep (D:10)
  A hound zombie (D:3)
  3 hound skeletons
  A worker ant zombie (D:3)
  3 adders
  11 gnolls (D:6)
  3 shadow imps
  2 adder zombies
  A worm (D:3)
  An adder skeleton (D:4)
  5 giant geckos
  19 orcs
  A ball python (D:6)
  A bat skeleton (D:3)
  5 bat zombies
  13 goblins
  12 hobgoblins
  10 jackals
  20 kobolds
  7 quokkas
  8 bats
  3 giant cockroaches
  A giant gecko zombie (D:3)
  5 giant newts
  A jackal skeleton (D:5)
  A quokka skeleton (D:7)
  11 rats
245 creatures vanquished.

Vanquished Creatures (others)
  An orc warrior (D:6)
  A black bear (D:6)
  A centaur (D:6)
  A hound (D:6)
  An orc (D:6)
  A goblin (D:6)
  A giant newt (D:6)
  2 kobolds (D:6)
  A rat (D:6)
10 creatures vanquished.

Grand Total: 258 creatures vanquished

Notes
Turn   | Place    | Note
--------------------------------------------------------------
     0 | D:1      | Malak the Deep Elf Summoner began the quest for the Orb.
     0 | D:1      | Reached XP level 1. HP: 10/10 MP: 6/6
   515 | D:1      | Reached XP level 2. HP: 10/15 MP: 2/8
   527 | D:1      | Learned a level 2 spell: Call Imp
  1125 | D:2      | Found a bloodstained altar of Trog.
  1332 | D:2      | Reached skill level 5 in Summonings
  1641 | D:2      | Reached XP level 3. HP: 19/19 MP: 10/10
  1646 | D:2      | Learned a level 3 spell: Call Canine Familiar
  1940 | D:3      | Noticed Natasha
  1955 | D:3      | Killed Natasha
  2065 | D:3      | Noticed Natasha
  2072 | D:3      | Killed Natasha
  2072 | D:3      | Reached XP level 4. HP: 10/24 MP: 4/12
  2163 | D:3      | Learned a level 4 spell: Summon Lightning Spire
  2503 | D:3      | Reached skill level 5 in Spellcasting
  2704 | D:3      | Noticed Natasha
  2706 | D:3      | Killed Natasha
  3026 | D:4      | Found a blossoming altar of Fedhas.
  3143 | D:3      | Reached XP level 5. HP: 23/28 MP: 7/14
  3219 | D:4      | Noticed an ogre
  3233 | D:4      | Noticed an ogre
  3235 | D:4      | Killed an ogre
  3246 | D:4      | Killed an ogre
  3420 | D:4      | Found a stormy altar of Qazlal.
  3561 | D:4      | Identified a cursed +1 rod of clouds (11/11) (You found it on level 4 of the Dungeon)
  3689 | D:4      | Reached skill level 6 in Spellcasting
  3689 | D:4      | Reached XP level 6. HP: 32/32 MP: 14/17
  3695 | D:4      | Learned a level 4 spell: Summon Ice Beast
  3740 | D:5      | Entered Level 5 of the Dungeon
  3849 | D:5      | Noticed Eustachio
  3866 | D:5      | Killed Eustachio
  3939 | D:5      | Found a sparkling altar of Nemelex Xobeh.
  4389 | D:5      | Reached skill level 1 in Air Magic
  4401 | D:5      | Reached skill level 1 in Ice Magic
  4401 | D:5      | Reached XP level 7. HP: 36/36 MP: 7/19
  4406 | D:5      | Found a staircase to the Ecumenical Temple.
  4423 | Temple   | Entered the Ecumenical Temple
  4450 | Temple   | Became a worshipper of Sif Muna the Loreminder
  5150 | D:6      | Reached skill level 7 in Spellcasting
  5342 | D:6      | Found Ijuer's Jewellery Shoppe.
  6154 | D:6      | Found an iron altar of Okawaru.
  6544 | D:6      | Found a shimmering altar of Xom.
  7027 | D:7      | Acquired Sif Muna's first power
  7118 | D:7      | Noticed kinazarov's ghost (experienced KoAs)
  7137 | D:7      | Killed kinazarov's ghost
  7137 | D:7      | Reached skill level 8 in Spellcasting
  7137 | D:7      | Reached XP level 8. HP: 41/41 MP: 10/22
  7147 | D:7      | Learned a level 7 spell: Summon Hydra
  7940 | D:8      | Noticed Chiseanne's ghost (experienced DsWn)
  7949 | D:8      | Reached skill level 9 in Spellcasting
  8143 | D:8      | Noticed Erolcha
  8145 | D:8      | Acquired Sif Muna's second power
  8149 | D:8      | Killed Erolcha
  8223 | D:8      | Reached skill level 5 in Dodging
  8286 | D:8      | Reached XP level 9. HP: 45/45 MP: 11/24
  8293 | D:8      | Reached skill level 10 in Spellcasting
  8505 | D:8      | Noticed Grum
  8516 | D:8      | Killed Grum
  8658 | D:8      | Killed Chiseanne's ghost
  8945 | D:8      | Reached skill level 10 in Summonings
  9181 | D:8      | Found a glowing golden altar of the Shining One.
  9228 | D:9      | Noticed a five-headed hydra
  9285 | D:9      | Killed a five-headed hydra
  9367 | D:9      | Reached skill level 11 in Summonings
  9525 | D:9      | Acquired Sif Muna's third power
  9922 | D:10     | Entered Level 10 of the Dungeon
 10054 | D:9      | Reached XP level 10. HP: 38/50 MP: 8/26
 10159 | D:10     | Found Rogos's Jewellery Boutique.
 10229 | D:10     | Noticed Maud
 10256 | D:10     | Killed Maud
 10256 | D:10     | Reached skill level 12 in Summonings
 10364 | D:10     | Noticed Erica
 10372 | D:10     | Noticed a komodo dragon
 10473 | D:10     | Killed Erica
 10525 | D:10     | Noticed a komodo dragon
 10604 | D:9      | Mangled by a komodo dragon

Vault maps used:
D:1:      arrival_zaba_pyramid, serial_forest, infiniplex_forest_clump_small,
          infiniplex_forest_clump_medium, infiniplex_forest_lined_2,
          infiniplex_forest_clump_cross, infiniplex_forest_lined_room_,
          infiniplex_forest_lined_4_way, infiniplex_forest_3_way,
          infiniplex_forest_zigzag_1, infiniplex_forest_zigzag_2
D:2:      nicolae_overflow_crystal_walls
D:3:      serial_undead, serial_undead_a, serial_undead_a, serial_undead_e,
          serial_undead_d, serial_undead_b, serial_undead_a,
          kennysheep_generic_room_15, uniq_natasha
D:4:      fedhas_altar_1, lemuel_round_altar
D:5:      nemelex_xobeh_ov_fountains_minmay, temple_fountains, first_bread,
          uniq_eustachio
D:6:      xom_confusion_cloud, old_standard_altar, serial_shops, shop
D:7:      corner_web_ring
D:8:      nicolae_overflow_hidden_temple, uniq_erolcha, uniq_grum
D:10:     dpeg_lair_monsters, serial_shops, shop, uniq_josephine, uniq_maud,
          uniq_erica
Temple:   oiseaux_autumnal_temple_12

Action                   |  1- 3 |  4- 6 |  7- 9 | 10-12 || total
-------------------------+-------+-------+-------+-------++-------
Melee: Dagger            |    17 |       |       |       ||    17
       Unarmed           |     1 |       |       |       ||     1
       Short sword       |    10 |    12 |       |       ||    22
       Staff             |       |       |     9 |     2 ||    11
 Cast: Summon Small Mamm |    25 |       |     1 |       ||    26
       Call Imp          |    22 |    10 |     2 |       ||    34
       Call Canine Famil |     7 |    16 |    33 |     8 ||    64
       Summon Lightning  |       |    13 |    51 |    14 ||    78
       Summon Ice Beast  |       |     2 |    22 |     2 ||    26
  Use: Scroll            |       |     2 |     4 |       ||     6
       Potion            |       |       |     1 |       ||     1
 Stab: Sleeping          |       |       |     1 |       ||     1
  Eat: Chunk             |     5 |     5 |     3 |       ||    13
       Bread ration      |       |     1 |     4 |       ||     5
       Pizza             |       |       |     1 |       ||     1
       Royal jelly       |       |       |     1 |       ||     1
